woodfighter, chaotic female orcish Cavewoman ------- ---- |..--.---- |..--- --........--|....----- |..........|---......| -------- --------- |..........| |.--...| ----.|....| ---- ---..--.|.-- --.......|.-- |.--.--- ---.|.......| ----..---....%.....| |.......---| |....| --..........-- ----- |`..........--*....------ --......--.-----..--- ---(..........----.|.---..........--|..........| --........[......| |..............--........%....)...---<.....---.------- ---.....)-----.-- --....---......................---....)......||.......| --......| |.| |....-- --.........--.....^%^.-- |..........----..---.---|....%.-- |.| |.-..| |@u......-----...-...| ----....(..| |.-- |.%.|--...--- |.| |...-|----....----- --.....--- |.......| |.| ---.--|.).| |.-- --...--.|....-- ----......| ----....| |.| |...|%..-- |..| --.......---- |.........| ------ |.| ------......---- --.---- --......| --.........| |.---...||.........| |.....--- |...---- |........--- |.......|---.......| |.......| ----- --......-- |...|..-- ---.....| --...>..| --.----- -------- ---.--- ---.|.-- --- --- ----- woodfighter the Young Cave Woman Experience level: 8 Strength: 18/01 Dexterity: 15 Constitution: 18 Intelligence: 8 Wisdom: 10 Charisma: 8 Health: 0(68) Energy: 26(26) Def: 6 Gold: 0 Moves: 4189 Dungeon seed: fE6y7U4I7iHKHPje Game ID: woodfighter_1476877529 Your Inventory: Amulets Y - an uncursed amulet versus poison (being worn) Weapons a - a rusty +0 dwarvish spear (weapon in hand) b - a +2 sling (alternate weapon; not wielded) Armor f - an uncursed rusty +0 helm of telepathy (being worn) n - a blessed +1 dwarvish cloak (being worn) q - an uncursed +0 leather armor (being worn) r - an uncursed +0 pair of leather gloves (being worn) z - an uncursed +0 dwarvish cloak N - an uncursed +0 dwarvish cloak P - an uncursed +0 dwarvish cloak Q - a cursed +0 dwarvish cloak T - an uncursed +0 pair of iron shoes (being worn) U - an uncursed +0 mummy wrapping Comestibles c - 2 uncursed food rations S - an uncursed mango Scrolls R - an uncursed scroll of destroy armor Potions O - a blessed potion of enlightenment Tools h - a +0 pick-axe s - an uncursed bag of holding y - an uncursed skeleton key E - an uncursed towel W - a blessed oil lamp (0:866) Gems e - 12 uncursed flints (in quiver) Contents of the bag of holding: 23 gold pieces 2 uncursed [+0] dwarvish spears a [cursed] scroll of blank paper 3 [uncursed] scrolls of blank paper a [uncursed] scroll of remove curse an uncursed oil lamp [0:1366] Spells and supernatural/magical abilities: Name Level Category Fail Memory W - pray for help -- divine ? -- Your skills at the end: Miscellaneous Skills bare handed combat [Basic] stealth [Basic] Weapon Skills scimitar [Basic] club [Skilled] spear [Skilled] sling [Basic] Spellcasting Skills Final Attributes: You were piously aligned. You were poison resistant. Your writing hand was ok. You were telepathic. You had infravision. You were somewhat stealthy. You were fast. You are dead. Vanquished creatures: a giant mimic a human mummy a giant beetle a giant spider 3 gnome kings a housecat a dwarf lord 3 human zombies a yellow light a pony 9 gnome lords 2 gnomish wizards 2 golden naga hatchlings a gray ooze 3 paper golems 3 giant ants a floating eye a kitten 16 dwarves 2 iguanas a jitterbug a dwarf zombie 2 coyotes a gas spore 6 hobbits a gecko a giant rat 3 cave spiders 2 red molds 48 gnomes a manes a jackal 2 kobolds 3 newts 4 grid bugs a lichen 2 kobold zombies 134 creatures vanquished. Voluntary challenges: You did not cause conflict. You were not invisible. You did not have reflection. You were not displaced. You used a wielded weapon 226 times, starting on turn 1. You did not apply a unicorn horn. You did not use plumbed fixtures. You did not drink any magical draughts. You were illiterate. You never genocided any monsters. You never polymorphed an object. You never changed form. You used no wishes. You never split a pudding. You never wrote Elbereth's name. You never violated your personal moral code. Dungeon overview: The Dungeons of Doom: levels 1 to 3 Level 1 (w) a long staircase Level 2 (lw) a scroll shop, some fountains stairs to The Gnomish Mines Level 3 The Gnomish Mines: levels 3 to 10 Level 3 stairs to The Dungeons of Doom Level 4 Level 5 Level 6 ( ) some shops, a temple to Anshar, a magic chest, some fountains Level 7 Level 8 Level 9 <- You were here Level 10 a fountain History has recorded: On T:1 you entered the Dungeons of Doom to retrieve the Amulet of Yendor! On T:32 you reached level 2 of The Dungeons of Doom. On T:267 you reached level 1 of The Gnomish Mines. On T:497 you reached level 3 of The Dungeons of Doom. On T:736 you advanced to experience level 2. On T:800 you advanced to experience level 3. On T:881 you reached level 2 of The Gnomish Mines. On T:958 you advanced to experience level 4. On T:1055 you advanced to experience level 5. On T:1103 you prayed to Anshar. On T:1129 you reached level 3 of The Gnomish Mines. On T:1781 you advanced to experience level 6. On T:1889 you reached level 4 of The Gnomish Mines. On T:2206 you entered the Minetown temple On T:2328 you opened a magic chest. On T:2874 you advanced to experience level 7. On T:2884 you reached level 5 of The Gnomish Mines. On T:3428 you reached level 6 of The Gnomish Mines. On T:3785 you reached level 7 of The Gnomish Mines. On T:3957 you reached level 8 of The Gnomish Mines. On T:3957 you reached the bottom of the Mines. On T:4072 you advanced to experience level 8. On T:4126 you prayed to Anshar. Score breakdown: Gold: 23 ( 2 points) Experience: 8 levels ( 700 points) Exploration: 10 levels ( 270 points) Discoveries: 22 items ( 1100 points) Variety of kills: 37 monsters ( 1850 points) Major goal: reached Mine's End ( 1000 points) Survival: died (score multiplied by 3) Total score: 14766 Latest messages: You destroy the human mummy! There are a few objects here. U - a mummy wrapping. You move more freely. You stop searching. You are now wielding your sling. a - an uncursed rusty stout spear (alternate weapon; not wielded). The flint hits the warhorse. e - an uncursed flint (in quiver). You are now wielding your stout spear. b - a +2 sling (alternate weapon; not wielded). You stop exploring. (2x) You hear crashing rock. You see here a tin whistle. You hear crashing rock. You stop exploring. You are now wielding your sling. a - an uncursed rusty stout spear (alternate weapon; not wielded). You are now wielding your stout spear. b - a +2 sling (alternate weapon; not wielded). The warhorse kicks! The warhorse bites! You jab the warhorse. The warhorse kicks! You die... Final status: Goodbye woodfighter the Cavewoman, killed by a warhorse... You died in The Gnomish Mines on dungeon level 9 with 14766 points, and 23 pieces of gold, after 4189 moves. You were level 8 with a maximum of 68 hit points when you died.